 Dungeon Crawl Stone Soup version 0.22.1-1-ga44c0e56f4 (webtiles) character file.

17 Ivernyr the Magician (level 2, -2/22 HPs)
             Began as a Naga Wizard on Oct 19, 2018.
             Slain by a goblin (3 damage)
             ... on level 1 of the Dungeon.
             The game lasted 00:03:47 (569 turns).

Ivernyr the Magician (Naga Wizard)                   Turns: 569, Time: 00:03:47

Health: -2/22      AC:  1    Str:  9    XL:     2   Next: 62%
Magic:  0/6        EV: 10    Int: 18    God:
Gold:   13         SH:  0    Dex:  9    Spells: 4/7 levels left

rFire    . . .     SeeInvis +   (no weapon)
rCold    . . .     Gourm    .   (no shield)
rNeg     . . .     Faith    .   a - +0 robe
rPois    +         Spirit   .   b - +0 hat
rElec    .         Reflect  .   (no cloak)
rCorr    .         Harm     .   (no gloves)
MR       .....                  (no barding)
Stlth    ++........             (no amulet)
HPRegen  0.07/turn              (no ring)
MPRegen  0.10/turn              (no ring)

@: very slow
A: large, see invisible, deformed body, poison resistance, slowness 2, slow
metabolism 1, spit poison 1, AC +0
a: Spit Poison


You were on level 1 of the Dungeon.
You were not hungry.

You visited 1 branch of the dungeon, and saw 1 of its levels.

You collected 13 gold pieces.

Inventory:

Armour
 a - a +0 robe (worn)
 b - a +0 hat (worn)
Scrolls
 c - a scroll of teleportation {unknown}
 f - a scroll of immolation {unknown}
 g - a scroll of remove curse {unknown}
 h - a scroll of blinking {unknown}
Potions
 e - a potion of heal wounds {unknown}
 i - a potion of curing {unknown}
Comestibles
 d - 2 rations


   Skills:
 - Level 1.5 Dodging
 - Level 3.0 Stealth
 + Level 3.3 Spellcasting
 + Level 1.9 Conjurations
   Level 1.0 Summonings
 - Level 1.0 Translocations


You had 4 spell levels left.
You knew the following spells:

 Your Spells              Type           Power        Failure   Level  Hunger
a - Magic Dart            Conj           #...         7%          1    None
b - Blink                 Tloc           N/A          16%         2    ##.....

Your spell library contained the following spells:

 Spells                   Type           Power        Failure   Level  Hunger
 Call Imp                 Summ           #.......     16%         2    ##.....
 Slow                     Hex            #.......     24%         2    ##.....
 Conjure Flame            Conj/Fire      #.......     32%         3    ###....
 Mephitic Cloud           Conj/Pois/Air  #.......     36%         3    ###....


Dungeon Overview and Level Annotations

Branches:
Dungeon (1/15)

Altars:


Innate Abilities, Weirdness & Mutations

You cannot wear boots.
Your serpentine skin is tough. (AC +0)
You have supernaturally acute eyesight. (SInv)
Armour fits poorly on your strangely shaped body.
Your system is resistant to poisons. (rPois)
You cover ground very slowly.
You have a slow metabolism.
You can spit poison.


Message History

You hit the goblin but do no damage.
You have got your breath back.
The goblin closely misses you.
Casting: Magic Dart (safe; 7% risk of failure)
Confirm with . or Enter, or press ? or * to list all spells.
Aiming: Magic Dart (safe; 7% risk of failure)
Press: ? - help, Shift-Dir - straight line, f/p - goblin
Aim: a goblin, wearing a ring mail The magic dart hits the goblin.
The goblin hits you.
* * * LOW HITPOINT WARNING * * *
Press: ? - help, Shift-Dir - straight line, f/p - goblin
Aim: a goblin, wearing a ring mail The splash of poison misses the goblin.
You feel slightly more hungry. The goblin hits you.
* * * LOW HITPOINT WARNING * * *
You closely miss the goblin. The goblin closely misses you.
You hit the goblin but do no damage.
You have got your breath back.
The goblin hits you.
You die...

#. .# ## #.# #.
...####.# .. #.#....#
.. .# #......###
...#####.# #.......#.
.........###
#....)....
....†.g....#
#......)## #@##.#
##......## #...#
#.##.# ##....#.#
#...# #.##.# ####.##.
###...## #.##.# #.###
...... #....# #.##.
#...# ###..# ####.#.#
#####...# #..#
#.....## #
#.......#######..#
#.##...#
#.##.####...........#
#.####..


You could see a goblin.

Vanquished Creatures
  2 dart slugs (D:1)
  A leopard gecko (D:1)
  4 goblins (D:1)
  6 bats (D:1)
  A frilled lizard (D:1)
  A kobold (D:1)
15 creatures vanquished.

Notes
Turn   | Place    | Note
-------+----------+-------------------------------------------
     0 | D:1      | Ivernyr the Naga Wizard began the quest for the Orb.
     0 | D:1      | Reached XP level 1. HP: 15/15 MP: 4/4
   170 | D:1      | Reached XP level 2. HP: 22/22 MP: 3/6
   174 | D:1      | Learned a level 2 spell: Blink
   567 | D:1      | HP: 1/22 [goblin (1)]
   569 | D:1      | Slain by a goblin

Action                   || total
-------------------------++-------
Melee: Unarmed           ||    11
 Cast: Magic Dart        ||    35
 Abil: Spit Poison       ||     5
Armor: Robe              ||     2
Dodge: Dodged            ||    13
